 Dungeon Crawl Stone Soup version 0.31-a0-182-gc5ef74bbde (webtiles) character file.

Game seed: 8146057277880645096

2338 qw the Cleaver (level 9, -2/57 HPs)
             Began as a Gargoyle Fighter on June 21, 2023.
             Slain by an ogre
             ... wielding a +0 giant club
              (24 damage)
             ... on level 7 of the Dungeon.
             The game lasted 00:02:38 (6757 turns).

qw the Cleaver (Gargoyle Fighter)                   Turns: 6757, Time: 00:02:39

Health: -2/57      AC: 18    Str: 24    XL:     9   Next: 43%
Magic:  9/9        EV:  8    Int:  9    God:
Gold:   140        SH:  4    Dex:  9    Spells: 8/8 levels left

rFire   . . .        Y - +2 war axe (elec)
rCold   . . .        c - +0 buckler
rNeg    + . .        h - +0 chain mail
rPois   inf          l - +0 helmet
rElec   +            (no cloak)
rCorr   +            i - +0 pair of gloves
SInv    .            (no boots)
Will    .....        (no amulet) Stlth
                     k - ring of resist corrosion
HPRegen 0.29/turn    (no ring)
MPRegen 0.11/turn

%: no passive effects
@: no status effects
A: sickness immunity, AC +6, negative energy resistance 1, electricity
resistance, torment resistance 1, petrification resistance
a: no special abilities


You were on level 7 of the Dungeon.
You visited 1 branch of the dungeon, and saw 7 of its levels.

You collected 194 gold pieces.
You spent 54 gold pieces at shops.


Innate Abilities, Weirdness & Mutations

You are immune to sickness and miasma.
Your stone body is resilient. (AC +6)
You are immune to poison.
You resist negative energy. (rN+)
You are resistant to electric shocks. (rElec)
You are resistant to unholy torment.
You are immune to petrification.


   Skills:
 - Level 7.4 Fighting
 - Level 9.0 Axes
 - Level 1.0 Throwing
 + Level 4.9 Armour
 - Level 1.5 Dodging
 - Level 4.1 Shields


You had 8 spell levels left.
You didn't know any spells.
Your spell library was empty.

Inventory:

Hand Weapons
 p - a +0 flail
 Y - a +2 war axe of electrocution (weapon)
Missiles
 o - 2 boomerangs (quivered)
Armour
 c - a +0 buckler (worn)
 h - a +0 chain mail (worn)
 i - a +0 pair of gloves (worn)
 l - a +0 helmet (worn)
Jewellery
 j - a ring of ice
 k - a ring of resist corrosion (left hand)
Scrolls
 g - a scroll of teleportation
 n - a scroll of identify
Potions
 a - 3 potions of haste
 b - a potion of magic
 d - a potion of might
 e - 2 potions of heal wounds
 f - 3 potions of curing
 m - a potion of attraction
 r - a potion of enlightenment
 s - a potion of mutation

Dungeon Overview and Level Annotations

Branches:
Dungeon (7/15)
 Temple: D:4-7

Altars:
Fedhas
Vehumet

Shops:
D:5 [

Annotations:
D:2 1 runed translucent door, Crazy Yiuf
D:4 3 runed translucent doors, qw's ghost, amateur GrFi
D:5 3 runed translucent doors, qw's ghost, novice GrFi


Message History

The green ugly thing bites you but does no damage.
You slash the green ugly thing!
The green ugly thing is heavily wounded.
You block the green ugly thing's attack.
You hit the green ugly thing but do no damage.
The green ugly thing is heavily wounded.
The green ugly thing bites you but does no damage.
You slash the green ugly thing!
The green ugly thing is severely wounded.
The green ugly thing bites you!
You closely miss the green ugly thing.
The green ugly thing is severely wounded.
You block the green ugly thing's attack.
You hit the green ugly thing.
Lightning courses through the green ugly thing!!
The green ugly thing is almost dead.
The green ugly thing bites you but does no damage.
You barely miss the green ugly thing.
The green ugly thing is almost dead.
The green ugly thing closely misses you.
An ogre comes into view. It is wielding a +0 giant club.
You closely miss the green ugly thing.
The green ugly thing is almost dead.
The ogre shouts!
The green ugly thing closely misses you.
You completely miss the green ugly thing.
The green ugly thing is almost dead.
You block the green ugly thing's attack.
You barely miss the green ugly thing.
The green ugly thing is almost dead.
The green ugly thing barely misses you.
You hit the green ugly thing.
The green ugly thing is almost dead.
The green ugly thing bites you!
You slash the green ugly thing!
Lightning courses through the green ugly thing!
You kill the green ugly thing!
You barely miss the ogre.
The ogre hits you with a +0 giant club!!
You die...

# ## #+ .### #. ...###
#. #.#..##### ###.. ##
..#....##..#....#.#
#.#.##..#..#..##O.#
#.#.##..##....##%#
.........#....(O@#
.........##.#...##.#
..........#...#.#..
######.##.##..###o# ##
#.##..#...#.o# .#
#.###.##.##..# .##
##.###..#.#...#
o.###.......#.#...####
......[......#).......


You could see a two-headed ogre and an ogre.

Vanquished Creatures
  An ugly thing (D:7)
  Maggie (D:7)
  A wraith (D:5)
  Eustachio (D:6)
  An orc warrior (D:6)
  3 black bears
  2 ogres
  A centaur (D:7)
  A phantom (D:5)
  A gnoll sergeant (D:5)
  A necrophage (D:5)
  5 scorpions
  A howler monkey (D:4)
  A bullfrog zombie (D:5)
  3 hounds
  4 orc priests
  An iguana (D:4)
  3 orc wizards
  A centaur simulacrum (D:5)
  A bullfrog simulacrum (D:5)
  A hound skeleton (D:5)
  10 adders
  5 gnolls (D:5)
  8 dart slugs
  24 orcs
  2 endoplasms (D:4)
  5 giant cockroaches
  4 goblins
  8 hobgoblins
  9 quokkas
  7 ball pythons
  2 bats (D:2)
  6 frilled lizards
  4 kobolds
  6 rats
135 creatures vanquished.

Notes
Turn   | Place    | Note
-------+----------+-------------------------------------------
     0 | D:1      | qw the Gargoyle Fighter began the quest for the Orb.
     0 | D:1      | Reached XP level 1. HP: 14/14 MP: 1/1
     0 | D:1      | 0 ||| qw: Version: 0.3-a-9-g12657ce
     0 | D:1      | 0 ||| qw: Game counter: 1561
     0 | D:1      | 0 ||| qw: Always use a shield: true
     0 | D:1      | 0 ||| qw: God list: Okawaru
     0 | D:1      | 0 ||| qw: Allow faded altars: false
     0 | D:1      | 0 ||| qw: Do Orc after D:15 true
     0 | D:1      | 0 ||| qw: Do second Lair branch before Depths: true
     0 | D:1      | 0 ||| qw: Lair rune preference: random
     0 | D:1      | 0 ||| qw: Plans: Normal, Zot:1-4, Slime:5, God:TSO, Crypt,
                  | Tomb, Abyss, Pan, Hells, Win
     0 | D:1      | 0 ||| PLANNING D:1-11
   142 | D:1      | 142 ||| SWAPPING to +0 war axe of electrocution.
   143 | D:1      | 143 ||| DROPPING +0 war axe.
   170 | D:1      | Reached skill level 2 in Axes
   360 | D:1      | Reached XP level 2. HP: 18/19 MP: 2/2
   406 | D:1      | 406 ||| Stepping ~*~*~tactically~*~*~ (stealth).
   607 | D:1      | Reached skill level 3 in Axes
   665 | D:1      | Reached XP level 3. HP: 23/23 MP: 3/3
   869 | D:1      | 869 ||| UPGRADING to +0 chain mail.
   879 | D:1      | 879 ||| DROPPING +0 scale mail.
   880 | D:1      | 880 ||| READING scroll labelled HIBREN ESAMOU.
   881 | D:1      | 881 ||| READING scroll labelled DAXENOISKIR.
   934 | D:2      | 934 ||| Stepping ~*~*~tactically~*~*~ (stealth).
   935 | D:2      | 935 ||| Stepping ~*~*~tactically~*~*~ (stealth).
  1079 | D:2      | 1079 ||| Stepping ~*~*~tactically~*~*~ (stealth).
  1234 | D:2      | 1234 ||| Stepping ~*~*~tactically~*~*~ (stealth).
  1246 | D:2      | Reached XP level 4. HP: 28/28 MP: 4/4
  1429 | D:2      | Found a runed translucent door.
  1430 | D:2      | Noticed Crazy Yiuf
  1578 | D:2      | 1578 ||| DROPPING +0 club.
  1579 | D:2      | 1579 ||| READING scroll labelled OTILIYRERPH.
  1632 | D:2      | 1632 ||| READING scroll labelled MOSIEJ LELAPTI.
  1651 | D:2      | 1651 ||| DRINKING 3 glowing green potions.
  1681 | D:3      | Reached skill level 1 in Throwing
  1684 | D:3      | Reached skill level 4 in Axes
  1691 | D:3      | Reached XP level 5. HP: 25/32 MP: 5/5
  2118 | D:3      | 2118 ||| Stepping ~*~*~tactically~*~*~ (stealth).
  2204 | D:3      | Reached skill level 5 in Axes
  2528 | D:3      | 2528 ||| Stepping ~*~*~tactically~*~*~ (hiding).
  2836 | D:3      | 2836 ||| DROPPING +0 mace.
  2974 | D:3      | Reached XP level 6. HP: 37/37 MP: 6/6
  3001 | D:3      | 3001 ||| READING scroll labelled PAITY JIURGHAEG.
  3002 | D:3      | 3002 ||| DRINKING 2 fizzy ruby potions.
  3003 | D:3      | 3003 ||| DRINKING 2 glowing pink potions.
  3004 | D:3      | 3004 ||| READING 2 scrolls of identify.
  3004 | D:3      | 3004 ||| IDENTIFYING viscous golden potion
  3005 | D:3      | 3005 ||| DROPPING potion of brilliance.
  3348 | D:4      | Found a runed translucent gate.
  3348 | D:4      | Found a runed translucent gate.
  3348 | D:4      | Found a runed translucent gate.
  3352 | D:4      | Noticed qw's ghost (amateur GrFi)
  3367 | D:4      | 3367 ||| Stepping ~*~*~tactically~*~*~ (stealth).
  3382 | D:4      | Reached skill level 6 in Axes
  3382 | D:4      | Reached XP level 7. HP: 44/44 MP: 7/7
  3393 | D:4      | 3393 ||| Stepping ~*~*~tactically~*~*~ (stealth).
  3399 | D:4      | 3399 ||| Stepping ~*~*~tactically~*~*~ (stealth).
  3409 | D:4      | Reached skill level 1 in Dodging
  3635 | D:4      | 3635 ||| Stepping ~*~*~tactically~*~*~ (stealth).
  3636 | D:4      | 3636 ||| Stepping ~*~*~tactically~*~*~ (stealth).
  3637 | D:4      | 3637 ||| Stepping ~*~*~tactically~*~*~ (stealth).
  3808 | D:4      | 3808 ||| UPGRADING to ring of resist corrosion.
  3809 | D:4      | 3809 ||| READING scroll labelled NASEURESTO.
  3810 | D:4      | 3810 ||| READING scroll labelled BOATEATWIUL.
  3811 | D:4      | 3811 ||| DRINKING 3 ruby potions.
  3812 | D:4      | 3812 ||| READING 2 scrolls of identify.
  3812 | D:4      | 3812 ||| IDENTIFYING smoky silvery potion
  3813 | D:4      | 3813 ||| DROPPING potion of degeneration.
  3833 | D:5      | Entered Level 5 of the Dungeon
  3969 | D:5      | 3969 ||| Stepping ~*~*~tactically~*~*~ (hiding).
  3971 | D:5      | 3971 ||| Stepping ~*~*~tactically~*~*~ (hiding).
  4091 | D:5      | Reached skill level 7 in Axes
  4136 | D:5      | Reached XP level 8. HP: 48/48 MP: 8/8
  4159 | D:5      | 4159 ||| Stepping ~*~*~tactically~*~*~ (stealth).
  4161 | D:5      | 4161 ||| Stepping ~*~*~tactically~*~*~ (stealth).
  4165 | D:5      | Found a runed translucent gate.
  4165 | D:5      | Found a runed translucent gate.
  4165 | D:5      | Found a runed translucent gate.
  4165 | D:5      | Noticed qw's ghost (novice GrFi)
  4171 | D:5      | 4171 ||| Stepping ~*~*~tactically~*~*~ (stealth).
  4189 | D:5      | 4189 ||| Stepping ~*~*~tactically~*~*~ (stealth).
  4269 | D:5      | Noticed a wraith
  4271 | D:5      | 4271 ||| Stepping ~*~*~tactically~*~*~ (stealth).
  4282 | D:5      | Killed a wraith
  4287 | D:5      | Reached skill level 8 in Axes
  4301 | D:5      | 4301 ||| FLEEEEING.
  4409 | D:5      | Identified the +4 dagger "Rafu" {pain, *Noise rCorr Int+3
                  | Stlth+}
  4575 | D:5      | Reached skill level 6 in Fighting
  4749 | D:5      | Found Hoefruw's Armour Emporium.
  4753 | D:5      | 4753 ||| BUYING +0 helmet (54 gold).
  4753 | D:5      | Bought a +0 helmet for 54 gold pieces
  5080 | D:5      | 5080 ||| Stepping ~*~*~tactically~*~*~ (hiding).
  5202 | D:5      | 5202 ||| UPGRADING to +0 pair of gloves.
  5207 | D:5      | 5207 ||| UPGRADING to +0 helmet.
  5212 | D:5      | 5212 ||| DROPPING ring of flight.
  5213 | D:5      | 5213 ||| READING scroll labelled OPSU BOOXKYORUIT.
  5214 | D:5      | 5214 ||| READING scroll labelled QENOTT SE IKUPH.
  5215 | D:5      | 5215 ||| READING 3 scrolls of identify.
  5215 | D:5      | 5215 ||| IDENTIFYING bubbling purple potion
  5216 | D:5      | 5216 ||| DROPPING potion of ambrosia.
  5271 | D:6      | 5271 ||| STAIRDANCE
  5514 | D:6      | Found a radiant altar of Vehumet.
  5515 | D:6      | Found a blossoming altar of Fedhas.
  5628 | D:6      | Noticed Eustachio
  5641 | D:6      | Killed Eustachio
  5642 | D:6      | Reached XP level 9. HP: 55/55 MP: 9/9
  5892 | D:6      | 5892 ||| READING scroll of enchant weapon.
  5892 | D:6      | 5892 ||| ENCHANTING +1 war axe of electrocution.
  6039 | D:6      | Reached skill level 9 in Axes
  6150 | D:6      | 6150 ||| DROPPING +1 hat.
  6151 | D:6      | 6151 ||| READING scroll labelled UMAESE PEPHEXT.
  6152 | D:6      | 6152 ||| DRINKING 2 metallic green potions.
  6153 | D:6      | 6153 ||| READING 3 scrolls of identify.
  6153 | D:6      | 6153 ||| IDENTIFYING cyan potion
  6154 | D:6      | 6154 ||| READING 2 scrolls of identify.
  6154 | D:6      | 6154 ||| IDENTIFYING blue potion
  6198 | D:7      | 6198 ||| STAIRDANCE
  6239 | D:7      | 6239 ||| Stepping ~*~*~tactically~*~*~ (hiding).
  6240 | D:7      | 6240 ||| Stepping ~*~*~tactically~*~*~ (hiding).
  6420 | D:7      | Noticed Maggie
  6429 | D:7      | Killed Maggie
  6492 | D:7      | 6492 ||| FLEEEEING.
  6497 | D:7      | 6497 ||| FLEEEEING.
  6498 | D:7      | 6498 ||| FLEEEEING.
  6499 | D:7      | 6499 ||| FLEEEEING.
  6502 | D:7      | 6502 ||| FLEEEEING.
  6503 | D:7      | 6503 ||| FLEEEEING.
  6504 | D:7      | 6504 ||| FLEEEEING.
  6505 | D:7      | 6505 ||| FLEEEEING.
  6506 | D:7      | 6506 ||| FLEEEEING.
  6507 | D:7      | 6507 ||| FLEEEEING.
  6508 | D:7      | 6508 ||| FLEEEEING.
  6509 | D:7      | 6509 ||| FLEEEEING.
  6514 | D:7      | 6514 ||| FLEEEEING.
  6515 | D:7      | 6515 ||| FLEEEEING.
  6527 | D:7      | 6527 ||| FLEEEEING.
  6528 | D:7      | 6528 ||| FLEEEEING.
  6529 | D:7      | 6529 ||| FLEEEEING.
  6530 | D:7      | 6530 ||| FLEEEEING.
  6532 | D:7      | 6532 ||| FLEEEEING.
  6534 | D:7      | 6534 ||| FLEEEEING.
  6535 | D:7      | 6535 ||| FLEEEEING.
  6536 | D:7      | 6536 ||| STAIRDANCE
  6566 | D:7      | 6566 ||| STAIRDANCE
  6683 | D:7      | 6683 ||| Stepping ~*~*~tactically~*~*~ (hiding).
  6737 | D:7      | Noticed a green ugly thing
  6742 | D:7      | Noticed a two-headed ogre
  6757 | D:7      | Killed a green ugly thing
  6757 | D:7      | Slain by an ogre

Levels and vault maps discovered:
D:1:      lightli_arrival_boilingwater, layout_loops_corners, dk_noncrumbling_4,
          dreamdust_princess_bridge, chequers_serial_rivers_micro_c,
          glass_columns_b
D:2:      layout_loops_ring, uniq_crazy_yiuf_cottage
D:3:      kb_forest_paths, layout_basic
D:4:      layout_basic, ebering_ghost_rock_garden
D:5:      layout_basic, serial_glass, glass_columns_a, glass_columns_c,
          serial_shops, shop, ebering_ghost_rock_garden, grunt_ministairs_9,
          kennysheep_flooded_box, dilly_guarded_unrand_morg
D:6:      layout_basic, mainiacjoe_overflow_divided_tiny, uniq_eustachio
D:7:      minmay_the_grid_four_pointed_star
          [minmay_the_grid_triangle_9x9_checkered,
          minmay_the_grid_triangle_9x9_sparse_checkered,
          minmay_the_grid_triangle_9x9_tough_junction,
          minmay_the_grid_triangle_9x9_swiss_cheese,
          minmay_the_grid_prize_four_corners], layout_loops_ring,
          minmay_temple_entry_enclosed_plants, serial_bayou_pond_d,
          nicolae_shop_clearance, uniq_maggie

Skill      XL: |  1  2  3  4  5  6  7  8  9 |
---------------+----------------------------+-----
Axes           | 2 3 4 5 6 7 8 9 |  9.0
Throwing       | 1 |  1.0
Fighting       | 4 6 7 |  7.4
Dodging        | 1 |  1.5
Armour         | 4 |  4.9
Shields        | 4 |  4.1

Action                     |  1- 3 |  4- 6 |  7- 9 || total
---------------------------+-------+-------+-------++-------
  Melee: War axe           |    82 |    67 |   193 ||   342
  Throw: Javelin           |    15 |    30 |    16 ||    61
         Boomerang         |       |     9 |    24 ||    33
    Use: Scroll            |     2 |     4 |    10 ||    16
         Potion            |       |     3 |     2 ||     5
 Armour: Scale mail        |    15 |       |       ||    15
         Chain mail        |    30 |    31 |   131 ||   192
  Dodge: Dodged            |    24 |    19 |    74 ||   117
  Block: Buckler           |    13 |    11 |    38 ||    62

Table legend:
 A = Non-vault XP
 B = Vault XP
 C = Vault XP percentage of total XP
 D = Non-vault monster count
 E = Vault monster count
 F = Vault count percentage of total count
                 A         B        C        D         E       F
            +---------+---------+-------+---------+---------+-------
      Total |    2208 |    1713 |  43.7 |     115 |      20 |  14.8
            +---------+---------+-------+---------+---------+-------
        D:1 |      37 |       0 |   0.0 |      22 |       0 |   0.0
        D:2 |      52 |       0 |   0.0 |      15 |       0 |   0.0
        D:3 |     215 |      23 |   9.7 |      19 |       6 |  24.0
        D:4 |     704 |       0 |   0.0 |      21 |       0 |   0.0
        D:5 |     505 |     515 |  50.5 |      17 |      11 |  39.3
        D:6 |     515 |     196 |  27.6 |      11 |       1 |   8.3
        D:7 |     180 |     979 |  84.5 |      10 |       2 |  16.7
            +---------+---------+-------+---------+---------+-------
